 Dungeon Crawl Stone Soup version 0.26-a0-540-g8a0c9464d7 (webtiles) character file.

Game seed: 16478697803606010726

220 HoaS the Ruffian (level 5, -9/30 HPs)
             Began as a Gargoyle Gladiator on Aug 19, 2020.
             Killed by divine providence
             ... invoked by an orc priest
              (13 damage)
             ... on level 4 of the Dungeon.
             The game lasted 00:07:35 (2885 turns).

HoaS the Ruffian (Gargoyle Gladiator)               Turns: 2885, Time: 00:07:36

Health: -9/30      AC: 14    Str: 24    XL:     5   Next: 97%
Magic:  5/5        EV:  9    Int:  9    God:
Gold:   200        SH:  0    Dex: 11    Spells: 4/4 levels left

rFire    . . .     SeeInvis .     - Unarmed
rCold    . . .     Faith    .   (no shield)
rNeg     + + .     Spirit   .   r - +0 chain mail
rPois    ∞         Reflect  .   b - +0 helmet
rElec    +         Harm     .   (no cloak)
rCorr    .                      (no gloves)
MR       .....                  i - +0 pair of boots
Stlth    ..........             (no amulet)
HPRegen  0.10/turn              h - +6 ring of strength
MPRegen  0.09/turn              j - ring of positive energy

@: no status effects
A: negative energy resistance 1, electricity resistance, unbreathing,
petrification resistance, rot immunity, AC +4
a: no special abilities


You were on level 4 of the Dungeon.
You visited 1 branch of the dungeon, and saw 4 of its levels.

You collected 200 gold pieces.

Inventory:

Missiles
 c - 3 throwing nets (quivered)
 d - 10 javelins
 l - 5 boomerangs
Armour
 b - a +0 helmet (worn)
 i - a +0 pair of boots (worn)
 r - a +0 chain mail (worn)
Jewellery
 h - a +6 ring of strength (left hand)
 j - a ring of positive energy (right hand)
 n - an uncursed amulet of guardian spirit {unknown}
Scrolls
 a - a scroll of identify
 f - a scroll of remove curse
Potions
 g - 2 potions of cancellation
 k - a potion of lignification {unknown}
 m - a potion of magic {unknown}
 o - a potion of flight {unknown}
 p - 2 potions of heal wounds {unknown}
 q - a potion of berserk rage {unknown}


   Skills:
 - Level 2.1 Fighting
 - Level 1.7 Throwing
 - Level 2.4 Dodging
 + Level 6.4 Unarmed Combat


You had 4 spell levels left.
You didn't know any spells.
Your spell library was empty.

Dungeon Overview and Level Annotations

Branches:
Dungeon (4/15)
 Temple: D:4-7

Altars:
Gozag
Qazlal
Ru
Sif Muna
Xom

Shops:
D:2 *


Innate Abilities, Weirdness & Mutations

You are resistant to torment.
Your stone body is resilient. (AC +4)
You are immune to poison.
You resist negative energy. (rN+)
You are resistant to electric shocks. (rElec)
You can survive without breathing.
You are immune to petrification.
You are immune to rotting.


Message History

You hit the orc priest.
The orc priest is almost dead.
The orc priest mumbles some strange prayers to Beogh against you.
You barely resist. You barely miss the orc priest.
The orc priest is almost dead.
The orc priest mumbles some strange prayers to Beogh against you.
Pain shoots through your body!
* * * LOW HITPOINT WARNING * * *
You closely miss the orc priest.
The orc priest is almost dead.
The orc priest begins to cast a cantrip, but forgets the words!
You hit the orc priest but do no damage.
The orc priest is almost dead.
The orc priest barely misses you.
You closely miss the orc priest.
The orc priest is almost dead.
The orc priest calls down the wrath of Beogh upon you.
Beogh smites you!
You die...

.###....8.)..###
...###.....####
#.$..##...##..######
#............)......
#?..........).......
#...................
.....#'####........
.....#.# #........
.... #@# #........
## #o# #........ ...
#.(...... .....
#........ .......
....... .....####
......# ##.###.#


You could see an orc priest.

Vanquished Creatures
  An orc priest (D:4)
  An orc wizard (D:3)
  A worker ant (D:3)
  2 oozes
  2 dart slugs
  2 leopard geckos
  24 orcs
  6 bats
  5 giant cockroaches
  7 goblins
  4 hobgoblins
  15 jackals
  A quokka (D:2)
  5 frilled lizards
  8 kobolds
  8 rats
92 creatures vanquished.

Notes
Turn   | Place    | Note
-------+----------+-------------------------------------------
     0 | D:1      | HoaS the Gargoyle Gladiator began the quest for the Orb.
     0 | D:1      | Reached XP level 1. HP: 12/12 MP: 1/1
   157 | D:1      | Reached XP level 2. HP: 15/17 MP: 2/2
   429 | D:1      | Reached skill level 4 in Unarmed Combat
   512 | D:1      | Reached XP level 3. HP: 17/21 MP: 3/3
  1202 | D:2      | Reached XP level 4. HP: 25/26 MP: 4/4
  1260 | D:2      | Found Gozag's Platinum Reserve.
  1317 | D:2      | Found an opulent altar of Gozag.
  1363 | D:2      | Found a shimmering altar of Xom.
  1390 | D:2      | Found a shimmering altar of Xom.
  1423 | D:2      | Found a shimmering altar of Xom.
  1496 | D:2      | Reached skill level 5 in Unarmed Combat
  1865 | D:3      | Reached XP level 5. HP: 24/30 MP: 5/5
  2021 | D:3      | Found a stormy altar of Qazlal.
  2349 | D:3      | Found a shimmering blue altar of Sif Muna.
  2349 | D:3      | Found a sacrificial altar of Ru.
  2651 | D:3      | Reached skill level 6 in Unarmed Combat
  2885 | D:4      | Killed from afar by an orc priest

Illustrated notes

Levels and vault maps discovered:
D:1:      minmay_arrival_cross, layout_basic
D:2:      layout_rooms, xom_redecorated, nicolae_gozag_zags_fifth_avenue
D:3:      layout_basic, gammafunk_temple_overflow_wave, nrook_mini_vaults,
          grunt_qazlal_sundering
D:4:      layout_basic, bloody_makhleb, minmay_temple_entry_enclosed_plants,
          corexii_checkpoint_a, grunt_ministairs_12, uniq_pikel

Skill      XL: |  1  2  3  4  5 |
---------------+----------------+-----
Unarmed Combat | 4 5 6 |  6.4
Fighting       | |  2.1
Throwing       | |  1.7
Dodging        | |  2.4

Action                   |  1- 3 |  4- 6 || total
-------------------------+-------+-------++-------
Melee: Unarmed           |   152 |   158 ||   310
       Punch             |     2 |     5 ||     7
  Use: Scroll            |       |     6 ||     6
 Stab: Sleeping          |     1 |       ||     1
Armor: Leather armour    |    65 |     4 ||    69
       Scale mail        |       |    49 ||    49
       Chain mail        |       |    10 ||    10
Dodge: Dodged            |   115 |    69 ||   184

Table legend: (Time is in decaauts)
 A = Elapsed time spent in this place.
 B = Non-inter-level travel time spent in this place.
 C = Inter-level travel time spent in this place.
 D = Time resting spent in this place.
 E = Time spent auto-exploring this place.
 F = Levels seen in this place.
 G = Mean time per level.
                   A        B        C        D        E       F      G
               +--------+--------+--------+--------+--------+-----+--------+
         Total |   2858 |   2707 |    151 |    358 |   1738 |   4 |  714.5 |
       Dungeon |   2858 |   2707 |    151 |    358 |   1738 |   4 |  714.5 |
               +--------+--------+--------+--------+--------+-----+--------+

Top non-repeatable levels by time:
     D:3: 1176 daAuts
     D:1: 962 daAuts
     D:2: 628 daAuts
     D:4: 90 daAuts
